 Dungeon Crawl Stone Soup version 0.31-a0-18-gea43df2a32 (webtiles) character file.

Game seed: 9472668310515955719

2005 ytrimaz the Fighter (level 9, -5/75 HPs)
             Began as a Demonspawn Gladiator on May 11, 2023.
             Slain by a manticore (7 damage)
             ... on level 7 of the Dungeon.
             The game lasted 00:07:40 (6419 turns).

ytrimaz the Fighter (Demonspawn Gladiator)          Turns: 6419, Time: 00:07:40

Health: -5/75      AC:  6    Str: 19    XL:     9   Next: 2%
Magic:  0/9        EV: 17    Int:  9    God:
Gold:   256        SH:  0    Dex: 18    Spells: 8/8 levels left

rFire   . . .        a - +0 war axe
rCold   + . .        (no shield)
rNeg    . . .        w - +0 ring mail {rC+}
rPois   .            (helmet restricted)
rElec   .            (cloak unavailable)
rCorr   .            l - +0 pair of fencer's gloves {Riposte Dex+3}
SInv    .            (no boots)
Will    .....        z - amulet of faith
Stlth   +            g - +5 ring of evasion
HPRegen 0.32/turn    (no ring)
MPRegen 0.22/turn

%: guardian spirit, faith
@: no status effects
A: hooves 1, horns 1, magic shield, magic regeneration, weakness stinger 3
a: no special abilities


You were on level 7 of the Dungeon.
You visited 1 branch of the dungeon, and saw 7 of its levels.

You collected 344 gold pieces.
You spent 88 gold pieces at shops.


Innate Abilities, Weirdness & Mutations

You have large cloven feet.
You have a pair of small horns on your head.
When hurt, damage is shared between your health and your magic reserves.
You regenerate magic rapidly.
You have a sharp stinger which inflicts weakening toxins.


   Skills:
 * Level 8.6 Fighting
 + Level 6.0 Axes
 + Level 4.8 Throwing
 - Level 3.8 Dodging


You had 8 spell levels left.
You didn't know any spells.
Your spell library contained the following spells:

 Spells                   Type           Power      Damage    Failure   Level
 Freeze                   Ice            0%         1d3       56%         1
 Kiss of Death            Conj/Necr      0%         2d5       56%         1
 Poisonous Vapours        Pois/Air       0%         N/A       71%         2
 Confusing Touch          Hex            0%         N/A       91%         3
 Dazzling Flash           Conj/Hex       0%         N/A       91%         3
 Frozen Ramparts          Ice            0%         1d1       91%         3
 Gell's Gravitas          Tloc           0%         N/A       91%         3
 Hailstorm                Conj/Ice       0%         3d3       91%         3
 Mephitic Cloud           Conj/Pois/Air  0%         N/A       91%         3
 Teleport Other           Tloc           0%         N/A       91%         3
 Vhi's Electric Charge    Tloc/Air       0%         N/A       91%         3
 Volatile Blastmotes      Fire/Tloc      0%         2d10      91%         3
 Dispel Undead            Necr           0%         3d6       100%        4
 Iskenderun's Mystic Bla  Conj/Tloc      0%         2d3       100%        4
 Arcjolt                  Conj/Air       0%         1d10      100%        5
 Freezing Cloud           Conj/Ice/Air   0%         6-21      100%        5
 Dispersal                Tloc           0%         N/A       100%        6
 Starburst                Conj/Fire      0%         6d3       100%        6
 Maxwell's Capacitive Co  Air            0%         ∞         100%        8

Inventory:

Hand Weapons
 a - a +0 war axe (weapon)
Missiles
 d - 2 throwing nets
 e - a javelin
 p - 8 boomerangs
 q - 2 curare-tipped darts
Armour
 l - the +0 pair of fencer's gloves (worn) {Riposte Dex+3}
   (You acquired it on level 3 of the Dungeon)

   Riposte:   It allows the wearer to riposte with melee weapons, swiftly
   retaliating against missed or blocked melee attacks.
   Dex:       It affects your dexterity (+3).
 w - a +0 ring mail of cold resistance (worn)
   (You found it on level 4 of the Dungeon)
Jewellery
 g - a +5 ring of evasion (left hand)
   (You found it on level 6 of the Dungeon)
 z - an amulet of faith (around neck)
   (You found it on level 6 of the Dungeon)
Wands
 c - a wand of roots (15)
   (You took it off Grinder on level 3 of the Dungeon)
 m - a wand of charming (9)
   (You found it on level 5 of the Dungeon)
 y - a wand of light (12) (quivered)
   (You found it on level 5 of the Dungeon)
Scrolls
 b - 2 scrolls of teleportation
 h - 2 scrolls of enchant armour
 i - 2 scrolls of blinking
 s - a scroll of fog {unknown}
 t - a scroll of amnesia {unknown}
 A - a scroll of poison {unknown}
 B - a scroll of summoning {unknown}
Potions
 f - a potion of might
 j - a potion of cancellation {unknown}
 k - a potion of heal wounds {unknown}
 n - 2 potions of mutation
 o - 2 potions of invisibility
 r - a potion of brilliance
 u - a potion of attraction
 v - a potion of haste {unknown}
 x - a potion of berserk rage {unknown}
 C - a potion of curing

Dungeon Overview and Level Annotations

Branches:
Dungeon (7/15) Zot: 26840  Temple (0/1) D:6

Altars:
Ru

Shops:
D:3 *   D:6 !

Annotations:
D:7 3 runed translucent doors, Sleet's ghost, novice MiBe

.. .# .###.# ....# ..H #
###.#..#.. . ##........#
##.#. #..###...##
...#.####H## ##
.....<.#..@## #.#
..............##
#.##...............#####
......................>.
#..#...............#...
...........>.........##
#............#.....###
..##......#####...##
..##......# #...##


You could see a manticore (blind).


Message History

Unknown command.
No target in view!
A manticore comes into view.
A manticore is nearby!
A manticore is nearby!
A manticore is nearby!
The manticore flicks its tail.
The volley of spikes hits you!
The barbed spikes become lodged in your body. 😕 HP[-15] MP[-2]
You take 15 damage, and now have 60/75 hp.
You lost 2 mp, and now have 7/9 mp.
Unknown command.
The barbs in your skin will harm you if you move.
Continue? [Y]es or [N]o only, please.
The barbs in your skin will harm you if you move.
Continue?
Okay, then.
The barbs in your skin will harm you if you move.
Continue?
The barbed spikes dig painfully into your body as you move. 😕 HP[-2] MP[-1]
You take 2 damage, and now have 58/75 hp.
You lost 1 mp, and now have 6/9 mp.
The barbed spikes dig painfully into your body as you move. 😮 HP[-7]
You take 7 damage, and now have 51/75 hp.
The barbed spikes dig painfully into your body as you move.
You see here 4 stones. 😮 HP[-5]
You take 5 damage, and now have 46/75 hp.
You start resting.
A manticore is nearby! 😮 HP[+2] MP[+1]
You regained 2 hp, and now have 48/75 hp.
Unknown command.
You barely miss the manticore.
You headbutt the manticore, but do no damage.
The manticore bites you!!
* * * LOW HITPOINT WARNING * * *
The manticore claws you but does no damage.
The manticore misses you. 😨 HP[-20] MP[-3]
You take 20 damage, and now have 28/75 hp.
MASSIVE DAMAGE!! (PAUSE)
You lost 3 mp, and now have 4/9 mp.
You closely miss the manticore.
You kick the manticore, but do no damage.
The manticore misses you.
The manticore claws you but does no damage. x2
The manticore closely misses you.
The manticore claws you but does no damage.
The manticore claws you!
* * * LOW HITPOINT WARNING * * *
😨 HP[-7]
You take 7 damage, and now have 21/75 hp.
You slash the manticore! The manticore closely misses you.
The manticore barely misses you. x2 😨 HP[+1] Unknown command.
You hit the manticore but do no damage. Your kick misses the manticore.
Your tail-slap misses the manticore.
You carefully extract the barbed spikes from your body.
The manticore misses you.
The manticore claws you but does no damage.
The manticore claws you.
* * * LOW HITPOINT WARNING * * *
😨 HP[-3] MP[-1]
You take 3 damage, and now have 19/75 hp.
You lost 1 mp, and now have 3/9 mp.
You hit the manticore.
You kick the manticore, but do no damage.
The manticore misses you. The manticore claws you.
* * * LOW HITPOINT WARNING * * *
The manticore claws you.
* * * LOW HITPOINT WARNING * * *
Unknown command. 😱 HP[-9]
You take 9 damage, and now have 10/75 hp.
You slash the manticore! You kick the manticore.
You headbutt the manticore, but do no damage.
The manticore bites you!
* * * LOW HITPOINT WARNING * * *
The manticore misses you.
The manticore closely misses you. 😱 HP[-9] MP[-2]
You take 9 damage, and now have 1/75 hp.
You lost 2 mp, and now have 1/9 mp.
Unknown command.
Aiming: Bolt of Light
Press: ? - help, Q - select action, (/) - cycle Shift-Dir - straight line, f - manticore
Aim: a manticore (severely wounded, 83% to hit)
The bolt of light hits the manticore!
The manticore is blinded.
The manticore misses you. The manticore completely misses you.
The manticore claws you but does no damage.
Unknown command.
Aiming: Bolt of Light
Press: ? - help, Q - select action, (/) - cycle Shift-Dir - straight line, f/p - manticore
Aim: a manticore (severely wounded, blind, 83% to hit)
The bolt of light hits the manticore.
The manticore bites you but does no damage.
The manticore claws you!
You die...

Skill      XL: |  1  2  3  4  5  6  7  8 |
---------------+-------------------------+-----
Dodging        | 3 |  3.8
Axes           | 3 4 6 |  6.0
Fighting       | 3 4 5 6 8 |  8.6
Throwing       | 2 3 4 |  4.8

Action                     |  1- 3 |  4- 6 |  7- 9 || total
---------------------------+-------+-------+-------++-------
  Melee: War axe           |    97 |    51 |   172 ||   320
         Punch             |     2 |     1 |     3 ||     6
         Tailslap          |     3 |     4 |    19 ||    26
         Headbutt          |       |     6 |    49 ||    55
         Kick              |       |       |    30 ||    30
  Throw: Throwing net      |       |     3 |       ||     3
         Javelin           |       |     1 |       ||     1
         Boomerang         |       |     3 |       ||     3
  Evoke: Wand              |       |     1 |     5 ||     6
    Use: Scroll            |     3 |       |     8 ||    11
         Potion            |       |     4 |     3 ||     7
   Stab: Sleeping          |     2 |       |       ||     2
 Armour: Leather armour    |    38 |    14 |     6 ||    58
         Ring mail         |       |       |    62 ||    62
         Skin              |       |       |    15 ||    15
  Dodge: Dodged            |    51 |    38 |   129 ||   218
Riposte: War axe           |       |       |    29 ||    29

Levels and vault maps discovered:
D:1:      lemuel_arrival_hallway, layout_basic
D:2:      layout_loops_ring, shapermc_ecumenical_altar_acropolis
D:3:      cheibrodos_thug_alley, layout_basic, serial_shops,
          nicolae_shop_tiny_statue_garden, supply_closet_lemuel,
          nicolae_concentric_dashed_squares_wild, nrook_campfire, uniq_grinder,
          uniq_sigmund
D:4:      layout_basic, uniq_menkaure
D:5:      layout_cave_pools, st_stairs_14, nrook_pool_corridor
D:6:      layout_loops_ring, mainiacjoe_overflow_tiny_flanked,
          minmay_temple_entry_statues_fountains, serial_shops,
          nicolae_shop_trees, uniq_edmund
D:7:      layout_rooms, gammafunk_ghost_icy, kb_rosetta, uniq_prince_ribbit1

Notes
Turn   | Place    | Note
-------+----------+-------------------------------------------
     0 | D:1      | ytrimaz the Demonspawn Gladiator began the quest for the
                  | Orb.
     0 | D:1      | Reached XP level 1. HP: 16/16 MP: 1/1
     0 | D:1      | magus.rc [v1.9.6]
   439 | D:1      | Gained mutation: You regenerate magic rapidly. [demonic
                  | ancestry]
   439 | D:1      | Reached XP level 2. HP: 23/23 MP: 2/2
   568 | D:1      | You pick up a book of Frost and begin reading...
   568 | D:1      | You add the spells Freeze, Frozen Ramparts and Hailstorm to
                  | your library.
   795 | D:1      | Reached skill level 3 in Dodging
  1025 | D:2      | Reached skill level 3 in Axes
  1131 | D:2      | You feel monstrous as your demonic heritage exerts itself.
  1131 | D:2      | Discovered your monstrous ancestry.
  1131 | D:2      | Gained mutation: You have a small tail. [demonic ancestry]
  1131 | D:2      | Reached XP level 3. HP: 28/28 MP: 3/3
  1204 | D:2      | Reached skill level 3 in Fighting
  1219 | D:2      | Found a faded altar of an unknown god.
  1537 | D:2      | Gained mutation: When hurt, damage is shared between your
                  | health and your magic reserves. [demonic ancestry]
  1537 | D:2      | Reached XP level 4. HP: 35/35 MP: 4/4
  1640 | D:2      | You pick up a book of Spectacle and begin reading...
  1640 | D:2      | You add the spells Volatile Blastmotes, Dazzling Flash,
                  | Iskenderun's Mystic Blast and Starburst to your library.
  1794 | D:3      | Noticed Grinder
  1913 | D:3      | Paralysed by Grinder for 4 turns
  1919 | D:3      | HP: 8/35 [constriction (5)]
  2035 | D:3      | HP: 3/35 [constriction (7)]
  2036 | D:3      | Killed Grinder
  2037 | D:3      | Reached skill level 4 in Fighting
  2037 | D:3      | Gained mutation: You have a pair of small horns on your
                  | head. [demonic ancestry]
  2037 | D:3      | Reached XP level 5. HP: 4/43 MP: 0/5
  2323 | D:3      | Gained mutation: You have a tail ending in a sharp stinger.
                  | [demonic ancestry]
  2323 | D:3      | Reached XP level 6. HP: 49/49 MP: 6/6
  2468 | D:3      | HP: 10/43 [kobold brigand/+3 dagger of draining (3)]
  2470 | D:3      | Reached skill level 5 in Fighting
  2470 | D:3      | Reached skill level 4 in Axes
  2470 | D:3      | Reached skill level 2 in Throwing
  2622 | D:3      | Noticed Sigmund
  2629 | D:3      | Killed Sigmund
  2630 | D:3      | Reached XP level 7. HP: 49/56 MP: 5/7
  2975 | D:3      | You add the spells Vhi's Electric Charge, Arcjolt and
                  | Maxwell's Capacitive Coupling to your library.
  3070 | D:3      | HP: 11/55 [kobold brigand/+2 dagger of draining (4)]
  3075 | D:3      | HP: 6/57 [poisoned by a kobold brigand]
  3083 | D:3      | HP: 7/57 [orc/+0 whip (1)]
  3267 | D:3      | You pick up a book of Vapours and begin reading...
  3267 | D:3      | You add the spells Poisonous Vapours, Mephitic Cloud and
                  | Freezing Cloud to your library.
  3290 | D:3      | Found Byvohu's General Store.
  3299 | D:3      | Bought a potion of mutation for 88 gold pieces
  3299 | D:3      | Identified a scroll of acquirement
  3304 | D:3      | Acquired the +0 pair of fencer's gloves {Riposte Dex+3}
  3304 | D:3      | Found the +0 pair of fencer's gloves {Riposte Dex+3}
  3527 | D:4      | Noticed Menkaure
  3535 | D:4      | Killed Menkaure
  3536 | D:4      | Reached skill level 6 in Fighting
  3536 | D:4      | Reached skill level 3 in Throwing
  3678 | D:4      | Identified the +0 short sword "Moduacvo" {antimagic, rPois
                  | Str+2 Dex+4}
  4271 | D:5      | Entered Level 5 of the Dungeon
  4377 | D:5      | Gained mutation: You have large cloven feet. [demonic
                  | ancestry]
  4377 | D:5      | Reached XP level 8. HP: 59/65 MP: 6/8
  4392 | D:5      | Reached skill level 7 in Fighting
  4392 | D:5      | Reached skill level 5 in Axes
  4524 | D:5      | You add the spells Gell's Gravitas, Teleport Other and
                  | Dispersal to your library.
  4669 | D:5      | You pick up a book of Touch and begin reading...
  4669 | D:5      | You add the spells Kiss of Death, Confusing Touch and
                  | Dispel Undead to your library.
  4721 | D:5      | Reached skill level 4 in Throwing
  5016 | D:6      | Found a staircase to the Ecumenical Temple.
  5358 | D:6      | Reached skill level 8 in Fighting
  5494 | D:6      | Found a sacrificial altar of Ru.
  5496 | D:6      | Noticed Edmund
  5507 | D:6      | HP: 14/68 [Edmund/+1 dire flail of protection (8)]
  5513 | D:6      | HP: 17/103 [Edmund/+1 dire flail of protection (1)]
  5520 | D:6      | HP: 8/103 [Edmund/+1 dire flail of protection (7)]
  5524 | D:6      | HP: 2/103 [Edmund/+1 dire flail of protection (8)]
  5526 | D:6      | Killed Edmund
  5836 | D:6      | Reached skill level 6 in Axes
  5836 | D:6      | Gained mutation: You have a sharp stinger which inflicts
                  | weakening toxins. [demonic ancestry]
  5836 | D:6      | Reached XP level 9. HP: 59/75 MP: 6/9
  5922 | D:6      | Found Qecoaga's Distillery.
  6328 | D:7      | Noticed Sleet's ghost (novice MiBe)
  6361 | D:7      | Found a runed translucent gate.
  6361 | D:7      | Found a runed translucent gate.
  6362 | D:7      | Found a runed translucent gate.
  6403 | D:7      | Noticed a manticore
  6416 | D:7      | HP: 14/75 [manticore (6)]
  6417 | D:7      | HP: 1/75 [manticore (9)]
  6419 | D:7      | Slain by a manticore

Vanquished Creatures
  Grinder (D:3)
  Sigmund (D:3)
  Edmund (D:6)
  Menkaure (D:4)
  A water moccasin (D:6)
  2 black bears (D:6)
  An ice beast (D:6)
  An ogre (D:5)
  A centaur (D:6)
  2 phantoms
  2 kobold brigands (D:3)
  2 jellies (D:6)
  4 hounds (D:5)
  2 orc priests (D:6)
  A gnoll bouda (D:5)
  3 sleepcaps
  2 iguanas (D:4)
  An orc wizard (D:6)
  4 gnolls (D:5)
  5 adders
  A white imp (D:7)
  An ufetubus (D:4)
  2 worms (D:2)
  A dart slug (D:5)
  9 orcs
  3 bats
  11 endoplasms
  2 giant cockroaches
  2 goblins
  6 hobgoblins (D:3)
  7 jackals
  11 kobolds
  4 quokkas
  6 ball pythons
  5 frilled lizards
  12 rats
121 creatures vanquished.

Table legend:
 A = Non-vault XP
 B = Vault XP
 C = Vault XP percentage of total XP
 D = Non-vault monster count
 E = Vault monster count
 F = Vault count percentage of total count
                 A         B        C        D         E       F
            +---------+---------+-------+---------+---------+-------
      Total |    1766 |    1099 |  38.4 |     104 |      17 |  14.0
            +---------+---------+-------+---------+---------+-------
        D:1 |      35 |       0 |   0.0 |      23 |       0 |   0.0
        D:2 |      68 |       0 |   0.0 |      23 |       0 |   0.0
        D:3 |      67 |     693 |  91.2 |      21 |      13 |  38.2
        D:4 |     233 |     157 |  40.3 |      11 |       1 |   8.3
        D:5 |     495 |      76 |  13.3 |      12 |       2 |  14.3
        D:6 |     855 |     173 |  16.8 |      12 |       1 |   7.7
        D:7 |      13 |       0 |   0.0 |       2 |       0 |   0.0
            +---------+---------+-------+---------+---------+-------

Skill      XL: |  1  2  3  4  5  6  7  8 |
---------------+-------------------------+-----
Dodging        | 3 |  3.8
Axes           | 3 4 6 |  6.0
Fighting       | 3 4 5 6 8 |  8.6
Throwing       | 2 3 4 |  4.8

Action                     |  1- 3 |  4- 6 |  7- 9 || total
---------------------------+-------+-------+-------++-------
  Melee: War axe           |    97 |    51 |   172 ||   320
         Punch             |     2 |     1 |     3 ||     6
         Tailslap          |     3 |     4 |    19 ||    26
         Headbutt          |       |     6 |    49 ||    55
         Kick              |       |       |    30 ||    30
  Throw: Throwing net      |       |     3 |       ||     3
         Javelin           |       |     1 |       ||     1
         Boomerang         |       |     3 |       ||     3
  Evoke: Wand              |       |     1 |     5 ||     6
    Use: Scroll            |     3 |       |     8 ||    11
         Potion            |       |     4 |     3 ||     7
   Stab: Sleeping          |     2 |       |       ||     2
 Armour: Leather armour    |    38 |    14 |     6 ||    58
         Ring mail         |       |       |    62 ||    62
         Skin              |       |       |    15 ||    15
  Dodge: Dodged            |    51 |    38 |   129 ||   218
Riposte: War axe           |       |       |    29 ||    29

Illustrated notes

Table legend:
 A = Kills in this place as a percentage of kills in the entire game.
 B = Kills by you in this place as a percentage of kills by you in the entire game.
 C = Kills by friends in this place as a percentage of kills by friends in the entire game.
 D = Other kills in this place as a percentage of other kills in the entire game.
 E = Experience gained in this place as a percentage of experience gained in the entire game.
 F = Experience gained in this place divided by the number of levels of this place that you have seen.
                   A       B       C       D       E      F
               +-------+-------+-------+-------+-------+----------------------
         Total | 100.0 | 100.0 |   N/A |   N/A | 100.0 | 409.3
       Dungeon | 100.0 | 100.0 |   N/A |   N/A | 100.0 | 409.3
               +-------+-------+-------+-------+-------+----------------------

Table legend: (Time is in decaauts)
 A = Elapsed time spent in this place.
 B = Non-inter-level travel time spent in this place.
 C = Inter-level travel time spent in this place.
 D = Time resting spent in this place.
 E = Time spent auto-exploring this place.
 F = Levels seen in this place.
 G = Mean time per level.
                   A        B        C        D        E       F      G
               +--------+--------+--------+--------+--------+-----+--------+
         Total |   6537 |   6415 |    122 |    355 |   5004 |   7 |  933.9 |
       Dungeon |   6537 |   6415 |    122 |    355 |   5004 |   7 |  933.9 |
               +--------+--------+--------+--------+--------+-----+--------+

Top non-repeatable levels by time:
     D:3: 1489 daAuts
     D:6: 1257 daAuts
     D:2: 1044 daAuts
     D:1: 1037 daAuts
     D:4: 796 daAuts
     D:5: 754 daAuts
     D:7: 158 daAuts
